 Dungeon Crawl Stone Soup version 0.21-a0-401-g0b6bec4 (webtiles) character file.

26 grizmgrazm2 the Sneak (level 2, -2/19 HPs)
             Began as a Vampire Enchanter on Oct 22, 2017.
             Slain by a hobgoblin
             ... wielding a +0 club
              (5 damage)
             ... on level 1 of the Dungeon.
             The game lasted 00:02:52 (1121 turns).

grizmgrazm2 the Sneak (Vampire Enchanter)           Turns: 1121, Time: 00:02:53

Health: -2/19      AC:  3    Str:  7    XL:     2   Next: 89%
Magic:  1/5        EV: 12    Int: 17    God:
Gold:   33         SH:  0    Dex: 14    Spells: 2/5 levels left

rFire    . . .     SeeInvis +   a - +1 dagger
rCold    + . .     Gourm    .   (no shield)
rNeg     + + .     Faith    .   j - +0 leather armour
rPois    +         Spirit   .   (no helmet)
rElec    .         Reflect  .   (no cloak)
rCorr    .         Harm     .   (no gloves)
MR       .....                  (no boots)
Stlth    ++++......             (no amulet)
HPRegen  0.03/turn              (no ring)
MPRegen  0.09/turn              (no ring)

@: very slightly contaminated, regenerating slowly
A: fangs 3, see invisible, unbreathing
a: no special abilities


You were on level 1 of the Dungeon.
You were thirsty.

You visited 1 branch of the dungeon, and saw 1 of its levels.

You collected 33 gold pieces.

Inventory:

Hand Weapons
 a - a +1 dagger (weapon)
Armour
 j - a +0 leather armour (worn)
Scrolls
 e - a scroll of recharging {unknown}
 f - a scroll of identify {unknown}
 g - a scroll of amnesia {unknown}
 i - a scroll of enchant armour {unknown}
 k - 2 scrolls of teleportation {unknown}
Potions
 b - a potion of haste {unknown}
 d - a potion of blood
 h - a potion of curing {unknown}
Books
 c - a book of Maledictions

   Spells                             Type                      Level
   a - Corona                         Hexes                        1
   b - Ensorcelled Hibernation        Hexes/Ice                    2
   c - Confuse                        Hexes                        3
   d - Tukima's Dance                 Hexes                        3
   e - Dazzling Spray                 Conjuration/Hexes            3


   Skills:
 * Level 0.2 Fighting
 + Level 1.4 Short Blades
 + Level 0.1 Armour
 + Level 2.5 Dodging
 + Level 5.1 Stealth
 + Level 2.2 Spellcasting
 + Level 4.5 Hexes
 + Level 0.2 Ice Magic


You had 2 spell levels left.
You knew the following spells:

 Your Spells              Type           Power        Failure   Level  Hunger
a - Ensorcelled Hibernat  Hex/Ice        #.....       16%         2    ###....
b - Corona                Hex            ###....      4%          1    #......


Dungeon Overview and Level Annotations

Branches:
Dungeon (1/15)

Altars:


Innate Abilities, Weirdness & Mutations

You heal slowly.
You have razor-sharp teeth.
You have supernaturally acute eyesight. (SInv)
You can survive without breathing.


Message History

You shiver with cold.
The hobgoblin hits you with a club.
* * * LOW HITPOINT WARNING * * *
You hit the hobgoblin.
The hobgoblin is moderately wounded.
You hit the hobgoblin but do no damage.
The hobgoblin is moderately wounded.
The hobgoblin misses you.
You hit the hobgoblin.
The hobgoblin is heavily wounded.
The hobgoblin hits you but does no damage.
You hit the hobgoblin.
The hobgoblin is severely wounded.
The hobgoblin closely misses you.
You completely miss the hobgoblin.
The hobgoblin is severely wounded.
The hobgoblin closely misses you.
You hit the hobgoblin. Your bite misses the hobgoblin.
The hobgoblin is almost dead.
The hobgoblin hits you with a club.
You die...

########## #.[......#
#.######.# #.# #.# #.#
#)#########
####.######.........#
#.....g@............####
#.##.######.#######.....
# #.### #.............
.g. .. #.#######.####
#.#####.#†# #.#### #.
#....# #..... #.
#...†...# ###### #.
#..[.##.# ####.. #


You could see a hobgoblin.

Vanquished Creatures
  An ooze (D:1)
  A leopard gecko (D:1)
  A bat (D:1)
  A giant cockroach (D:1)
  5 hobgoblins (D:1)
  A frilled lizard (D:1)
  3 goblins (D:1)
  3 kobolds (D:1)
  5 rats (D:1)
21 creatures vanquished.

Notes
Turn   | Place    | Note
-------+----------+-------------------------------------------
     0 | D:1      | grizmgrazm2 the Vampire Enchanter began the quest for the Orb.
     0 | D:1      | Reached XP level 1. HP: 13/13 MP: 3/3
   760 | D:1      | Reached XP level 2. HP: 19/19 MP: 3/5
   764 | D:1      | Learned a level 2 spell: Ensorcelled Hibernation
   875 | D:1      | Reached skill level 5 in Stealth
  1121 | D:1      | Slain by a hobgoblin

Vault maps used:
D:1:      minmay_arrival_stone_box

Skill      XL: |  1  2 |
---------------+-------+-----
Stealth        | 5 |  5.1
Fighting       | |  0.2
Short Blades   | |  1.4
Armour         | |  0.1
Dodging        | |  2.5
Spellcasting   | |  2.2
Hexes          | |  4.5
Ice Magic      | |  0.2

Action                   || total
-------------------------++-------
Melee: Dagger            ||    64
       Bite              ||     3
 Cast: Corona            ||    13
       Ensorcelled Hiber ||     6
 Stab: Sleeping          ||     8
Armor: Robe              ||     6
       Leather armour    ||     7
Dodge: Dodged            ||    31

Table legend:
 A = Spawn XP
 B = Non-spawn XP
 C = Spawn XP percentage of total XP
 D = Spawn monster count
 E = Non-spawn monster count
 F = Spawn count percentage of total count
 G = Total turns spent on level
                    A         B        C        D         E        F      G
               +---------+---------+-------+---------+---------+-------+---------
         Total |       0 |      38 |   0.0 |       0 |      21 |   0.0 |  1121
               +---------+---------+-------+---------+---------+-------+---------
           D:1 |       0 |      38 |   0.0 |       0 |      21 |   0.0 |  1121
               +---------+---------+-------+---------+---------+-------+---------
